Unix NetHack Version 5.0.0-0 post-release - last build Jul 14 2026 02:55:29 (1809b74e8187c3a3585e283601c3028b46cbbdcb,branch:main).

Game began 2026-07-16 04:43:46, ended 2026-07-16 05:06:14.

KnightLite, chaotic female elven Ranger

                                                                          ---
                                                                          -<.|
                                                                          ...|
                                                                        h--.--
                                                                        .@d.|
                                                                        .---

KnightLite the Lookout       St:16 Dx:10 Co:15 In:13 Wi:16 Ch:7  Chaotic
Dlvl:7  $:84 HP:0(30) Pw:42(42) AC:2  Xp:5 T:2480 

Latest messages:
 You shoot 3 elven arrows.
 The 1st elven arrow hits the gnome mummy!
 The 2nd elven arrow hits the gnome mummy!
 You destroy the gnome mummy!
 c - a +2 elven arrow (in quiver) (45 in total).
 c - 2 +2 elven arrows (in quiver) (47 in total).
 c - a +2 elven arrow (in quiver) (48 in total).
 a - a +1 elven dagger named Sting (weapon in right hand).
 b - a +1 elven bow (alternate weapon; not wielded).
 With great effort you move the boulder.
 You swap places with Sirius.
 You swap places with Sirius.
 The shrieker shrieks.
 You hit the shrieker.
 You hit the shrieker!
 Sirius bites the shrieker.
 You kill the shrieker!
 You swap places with Sirius.
 You descend the stairs.
 b - a +1 elven bow (weapon in right hand).
 a - a +1 elven dagger named Sting (alternate weapon; not wielded).
 In what direction? 1
 The elven arrow hits the giant spider!
 The giant spider bites!
 You hear crashing rock.
 In what direction? 1
 The elven arrow hits the giant spider.
 The giant spider bites!
 In what direction? 1
 You shoot 2 elven arrows.
 The 1st elven arrow hits the giant spider!
 The 2nd elven arrow hits the giant spider!
 The giant spider misses!
 In what direction? 1
 You shoot 2 elven arrows.
 The 1st elven arrow hits the giant spider!
 You kill the giant spider!
 c - 4 +2 elven arrows (in quiver) (46 in total).
 You see here a giant spider corpse.
 You hear crashing rock.
 The dwarf swings his broad pick.
 The dwarf hits!
 In what direction? 7
 You shoot 2 elven arrows.
 The 1st elven arrow hits the dwarf!
 The 2nd elven arrow hits the dwarf!
 The dwarf swings his broad pick.
 The dwarf hits!
 You die...
 Do you want your possessions identified? [ynq] (y) q

Inventory:
 Coins    ('$')
  $ - 84 gold pieces
 Weapons  (')')
  G - 6 blessed +0 arrows
  A - 11 +2 arrows
  D - 14 +0 arrows
  c - 44 +2 elven arrows (in quiver)
  d - 15 +0 elven arrows
  s - a +0 bow
  b - a +1 elven bow (weapon in right hand)
  t - a +0 sling
  a - the +1 Sting (alternate weapon; not wielded)
 Armor    ('[')
  w - an uncursed +0 orcish helm (being worn)
  L - an uncursed +0 pair of iron shoes (being worn)
  e - an uncursed +2 elven cloak (being worn)
  z - an uncursed +1 leather jacket (being worn)
 Comestibles  ('%')
  j - 2 uncursed food rations
  f - 4 uncursed lembas wafers
  F - 2 uncursed tripe rations
 Scrolls  ('?')
  I - a blessed scroll of amnesia
  B - an uncursed scroll of identify
  v - an uncursed scroll of magic mapping
 Spellbooks  ('+')
  k - an uncursed spellbook of cure blindness
  g - an uncursed spellbook of healing
 Potions  ('!')
  u - an uncursed potion of enlightenment
  n - an uncursed potion of extra healing
  m - an uncursed potion of gain energy
  i - 4 blessed potions of healing
  l - an uncursed potion of oil
 Wands    ('/')
  E - a wand of slow monster (0:6)
 Tools    ('(')
  H - a bag of tricks (0:15)
 Special
 (list likely candidates)

KnightLite the Ranger's attributes:

Background:
 You were a Lookout, a level 5 female elven Ranger.
 You were chaotic, on a mission for Mars
 who was opposed by Mercury (lawful) and Venus (neutral).
 You were right-handed.
 You were in the Gnomish Mines, on level 7.
 You entered the dungeon 2480 turns ago.
 It was nighttime.
 There was a new moon in effect when your adventure ended.
 You had 297 experience points, 23 more were needed to attain level 6.

Basics:
 You had 0 out of 30 hit points.
 You had all 42 energy points (spell power).
 Your armor class was 2.
 Your wallet contained 84 zorkmids.
 Autopickup was on for '0' plus thrown, with exceptions.

Final Characteristics:
 Your strength was 16 (limit:18).
 Your dexterity was 10 (limit:18).
 Your constitution was 15 (limit:16).
 Your intelligence was 13 (limit:20).
 Your wisdom was 16 (limit:20).
 Your charisma was 7 (limit:18).

Final Status:
 You weren't hungry.
 You were unencumbered.
 You were wielding a bow.
 You had basic skill with bow.

Final Attributes:
 You were piously aligned.
 You were sleep resistant.
 You were poison resistant.
 You were telepathic.
 You had automatic searching.
 You had infravision.
 You were stealthy.
 You were warded.
 You are dead.

Miscellaneous:
 You didn't encounter any bones levels.
 Total elapsed playing time was 22 minutes and 27 seconds.

Major events:
 Turn
    1: KnightLite the chaotic female elven Ranger entered the dungeon
    5: became literate by naming Sting
 1615: attained the rank of Lookout (level 3)
 1874: entered the Gnomish Mines
 2480: killed by a dwarf

Spells:
 Name                 Level Category     Fail Retention
 healing                1   healing       99%  76%-100%
 cure blindness         2   healing      100%  76%-100%

Skills:
 Fighting Skills
   bare handed combat [Unskilled]
   riding             [Unskilled]
 Weapon Skills
   dagger             [Basic]
   knife              [Unskilled]
   axe                [Unskilled]
   pick-axe           [Unskilled]
   short sword        [Unskilled]
   morning star       [Unskilled]
   flail              [Unskilled]
   hammer             [Unskilled]
   quarterstaff       [Unskilled]
   polearms           [Unskilled]
   spear              [Unskilled]
   trident            [Unskilled]
   bow                [Basic]
   sling              [Unskilled]
   crossbow           [Unskilled]
   dart               [Unskilled]
   shuriken           [Unskilled]
   boomerang          [Unskilled]
   whip               [Unskilled]
 Spellcasting Skills
   healing spells     [Unskilled]
   divination spells  [Unskilled]
   escape spells      [Unskilled]

Voluntary challenges:
 Character rerolling was not enabled.
 You never genocided any monsters.
 You never polymorphed an object.
 You never changed form.
 You used no wishes.
Achievements:
 You entered a shop.
 You attained the rank of Lookout.
 You entered the Gnomish Mines.

 The Dungeons of Doom: levels 1 to 4
    Level 1:
       A fountain.
    Level 2:
       An altar.
    Level 3:
       A weapon shop, a fountain.
    Level 4:
       Stairs down to The Gnomish Mines.
 The Gnomish Mines: levels 5 to 7
    Level 5:
    Level 6:
    Level 7: <- You were here.
       Final resting place for
          you, killed by a dwarf.


Vanquished creatures:
  a giant spider
  a gnome mummy
  a shrieker
  2 gnome leaders
  a gray ooze
  a floating eye
  4 dwarves
 an acid blob
  a coyote
  a hobbit
  a green mold
 15 gnomes
  9 garter snakes
  2 geckos
  2 jackals
  2 foxes
  2 goblins
  6 grid bugs
  2 bats
  5 lichens
  4 newts
64 creatures vanquished.

No species were genocided or became extinct.

Game over:
                       ----------
                      /          \
                     /    REST    \
                    /      IN      \
                   /     PEACE      \
                  /                  \
                  |    KnightLite    |
                  |      84 Au       |
                  |   killed by a    |
                  |      dwarf       |
                  |                  |
                  |                  |
                  |       2026       |
                 *|     *  *  *      | *
        _________)/\\_//(\/(/\)/\//\/|_)_______

Goodbye KnightLite the Ranger...

You died in The Gnomish Mines on dungeon level 7 with 1574 points,
and 84 pieces of gold, after 2480 moves.
You were level 5 with a maximum of 30 hit points when you died.

